 Dungeon Crawl Stone Soup version 0.31-a0-460-g9e667d4245 (webtiles) character file.

Game seed: 11429303723778002745

126 LeprechaunX the Changeling (level 5, -1/51 HPs)
             Began as an Octopode Shapeshifter on Aug 4, 2023.
             Killed by divine providence
             ... invoked by an orc priest
              (14 damage)
             ... on level 4 of the Dungeon.
             The game lasted 00:03:02 (2497 turns).

LeprechaunX the Changeling (Octopode Shapeshifter)  Turns: 2497, Time: 00:03:03

Health: -1/51      AC: 22    Str: 16    XL:     5   Next: 9%
Magic:  5/5        EV:  2    Int: 10    God:
Gold:   248        SH:  0    Dex: 13    Spells: 4/4 levels left

rFire   . .          .
                       - Unarmed
rCold   . . .        (no shield)
rNeg    . . .        (helmet currently unavailable)
rPois   +            (no amulet)
rElec   .            (no ring)
rCorr   .            (no ring)
SInv    .            (no ring)
Will    .....        (no ring)
Stlth   +            (no ring)
HPRegen 0.28/turn    (no ring)
MPRegen 0.09/turn    (no ring)
                     (no ring)

%: no passive effects
@: tree-form
A: stationary, stasis, torment immunity, boosted hp, almost no armour,
(amphibious), 8 rings, (camouflage 1), (gelatinous body 1), (nimble swimmer 1),
(tentacles)
a: no special abilities


You were on level 4 of the Dungeon.
You were a tree.
You visited 1 branch of the dungeon, and saw 4 of its levels.

You collected 248 gold pieces.

Inventory:

Missiles
 q - 3 boomerangs
Armour
 d - a +2 hat
 r - a +0 kite shield
Jewellery
 t - the ring "Uresch" {rPois rC+ rN++ AC+4 Dex-3}
   (You found it on level 4 of the Dungeon)

   [ring of protection]

   AC:        It affects your AC (+4).
   Dex:       It affects your dexterity (-3).
   rC:        It protects you from cold.
   rPois:     It protects you from poison.
   rN:        It greatly protects you from negative energy.
 v - a ring of wizardry
Talismans
 b - a beast talisman
 c - a maw talisman
Wands
 s - a wand of digging (1)
Scrolls
 e - a scroll of teleportation {unknown}
 f - a scroll of vulnerability {unknown}
 g - a scroll of amnesia {unknown}
 h - a scroll of fear {unknown}
 j - a scroll of revelation {unknown}
 k - 2 scrolls of blinking {unknown}
 m - a scroll of noise {unknown}
 p - a scroll of fog {unknown}
 u - a scroll of identify {unknown}
Potions
 i - a potion of berserk rage {unknown}
 l - a potion of heal wounds {unknown}
 n - a potion of curing {unknown}
 o - 2 potions of might {unknown}


   Skills:
 - Level 2.0 Fighting
 + Level 2.9 Dodging
 + Level 3.6 Unarmed Combat
 * Level 3.9 Shapeshifting


You had 4 spell levels left.
You didn't know any spells.
Your spell library contained the following spells:

 Spells                   Type           Power      Damage    Failure   Level
 Magic Dart               Conj           0%         1d3       36%         1
 Call Imp                 Summ           0%         N/A       50%         2
 Mephitic Cloud           Conj/Pois/Air  0%         N/A       75%         3


Dungeon Overview and Level Annotations

Branches:
Dungeon (4/15)
 Temple: D:4-7

Altars:

Shops:
D:3 :   D:4 =

Annotations:
D:3 3 runed translucent doors, GoodGuyCap's ghost, amateur OpSh; Zonian's ghost, weakling FeSh


Innate Abilities, Weirdness & Mutations

You are a tree.
Your roots penetrate the ground, keeping you stationary.
You cannot be teleported.
You are immune to unholy pain and torment.
Your maximum health is greatly increased.
You cannot wear most types of armour.
((You are amphibious.))
You can wear up to eight rings at the same time.
((Your skin changes colour to match your surroundings (Stealth+).))
((Your rubbery body absorbs attacks. (AC +1, EV +1)))
((You are camouflaged when in or above water. (Stealth+)))
((You have tentacles for arms and can constrict up to eight enemies at once.))


Message History

The orc wizard hits you with a +0 dagger.
* * * LOW HITPOINT WARNING * * *
Unknown command.
You barely miss the orc wizard.
The orc wizard is severely wounded.
You constrict the orc wizard.
The orc wizard hits you but does no damage.
Unknown command.
Really quaff the potion of lignification?
Your transformation has ended.
You turn into a tree.
Your roots penetrate the ground.
You lose your grip on the orc wizard.
The orc wizard hits you but does no damage.
You smack the orc wizard!
You kill the orc wizard!
You have reached level 5!
You feel agile.
You closely miss the orc priest. You hit the orc but do no damage.
You hit the orc.
The orc is moderately wounded.
The orc hits you but does no damage.
You hit the orc but do no damage.
The orc is moderately wounded.
The orc barely misses you.
The orc priest calls upon Beogh to heal the orc.
The orc's wounds heal themselves!
You hit the orc.
The orc is almost dead.
The orc hits you but does no damage.
You hit the orc.
You kill the orc!
You pummel the orc!!
You kill the orc!
You swing at nothing.
You smack the orc priest!
The orc priest is almost dead.
The orc priest invokes the aid of Beogh against you.
Beogh smites you!
You die...

## .# ##.# ##..#
.#####...##
..........####. ###
............... ..#
#o# #.# #♣# #.# #.# #
#.# ##'## #.#.#
##...## #...#
##.....## ####.
##.......## ####...#
#.........#####.#....#
+........###...#.....#
#.....###.#....#..).#.


You could see an orc priest.

Vanquished Creatures
  An iguana (D:4)
  An orc wizard (D:4)
  An adder (D:2)
  4 worms
  2 orcs (D:4)
  6 bats
  4 endoplasms
  3 giant cockroaches
  3 goblins
  3 hobgoblins
  3 jackals (D:2)
  3 quokkas
  5 ball pythons
  A frilled lizard (D:1)
  5 kobolds
  6 rats
51 creatures vanquished.

Notes
Turn   | Place    | Note
-------+----------+-------------------------------------------
     0 | D:1      | LeprechaunX the Octopode Shapeshifter began the quest for
                  | the Orb.
     0 | D:1      | Reached XP level 1. HP: 13/13 MP: 1/1
   117 | D:1      | Reached XP level 2. HP: 18/18 MP: 2/2
   126 | D:1      | Found a faded altar of an unknown god.
   699 | D:2      | Reached XP level 3. HP: 15/23 MP: 3/3
  1586 | D:3      | Found Buhugath's Book Emporium.
  1718 | D:3      | Reached XP level 4. HP: 27/29 MP: 4/4
  1975 | D:3      | Found a runed translucent gate.
  2000 | D:3      | Found a runed translucent gate.
  2000 | D:3      | Found a runed translucent gate.
  2004 | D:3      | Noticed Zonian's ghost (weakling FeSh)
  2004 | D:3      | Noticed GoodGuyCap's ghost (amateur OpSh)
  2296 | D:4      | Identified the ring "Uresch" {rPois rC+ rN++ AC+4 Dex-3}
  2361 | D:4      | Found Biduqy's Jewellery Shop.
  2489 | D:4      | Reached XP level 5. HP: 11/34 MP: 5/5
  2497 | D:4      | Killed from afar by an orc priest

Illustrated notes

Levels and vault maps discovered:
D:1:      lightli_arrival_quake, layout_basic, nicolae_ecumenical_snake_handling
D:2:      layout_basic
D:3:      layout_loops_ring, gammafunk_ghost_cemetery, serial_shops,
          nicolae_shop_peninsula
D:4:      nicolae_BIG_FREAKIN_CUBE, layout_loops_corners,
          minmay_temple_entry_grid, serial_shops, shop_coins,
          minmay_misc_feat_four_crosses, minmay_fractal_squares_diagonal_5

Skill      XL: |  1  2  3  4 |
---------------+-------------+-----
Fighting       | 2 |  2.0
Dodging        | |  2.9
Unarmed Combat | |  3.6
Shapeshifting  | |  3.9

Action                     |  1- 3 |  4- 6 || total
---------------------------+-------+-------++-------
  Melee: Unarmed           |    67 |    37 ||   104
         Constrict         |    17 |     6 ||    23
         Tentacles         |    12 |     7 ||    19
         Punch             |     1 |     1 ||     2
    Use: Potion            |       |     1 ||     1
   Stab: Sleeping          |     8 |     4 ||    12
 Armour: Skin              |     8 |     4 ||    12
  Dodge: Dodged            |    38 |    13 ||    51

Table legend: (Time is in decaauts)
 A = Elapsed time spent in this place.
 B = Non-inter-level travel time spent in this place.
 C = Inter-level travel time spent in this place.
 D = Time resting spent in this place.
 E = Time spent auto-exploring this place.
 F = Levels seen in this place.
 G = Mean time per level.
                   A        B        C        D        E       F      G
               +--------+--------+--------+--------+--------+-----+--------+
         Total |   2489 |   2386 |    103 |     48 |   1968 |   4 |  622.2 |
       Dungeon |   2489 |   2386 |    103 |     48 |   1968 |   4 |  622.2 |
               +--------+--------+--------+--------+--------+-----+--------+

Top non-repeatable levels by time:
     D:2: 942 daAuts
     D:1: 636 daAuts
     D:3: 619 daAuts
     D:4: 290 daAuts
